 Dungeon Crawl Stone Soup version 0.20.1-1-g8b1a95d (webtiles) character file.

6419 HammerPanzer the Basher (level 10, 0/84 HPs)
             Began as a Demonspawn Berserker on Oct 29, 2017.
             Was a High Priest of Trog.
             Slain by a two-headed ogre
             ... wielding a +0 giant club
              (21 damage)
             ... on level 10 of the Dungeon.
             The game lasted 00:29:44 (10159 turns).

HammerPanzer the Basher (Demonspawn Berserker)     Turns: 10159, Time: 00:29:45

Health: 0/84       AC: 15    Str: 20    XL:     10   Next: 66%
Magic:  0/3        EV: 13    Int: 13    God:    Trog [*****.]
Gold:   829        SH:  0    Dex: 12    Spells: 9/9 levels left

rFire    + . .     SeeInvis .   n - +3 great mace (antimagic)
rCold    + . .     Gourm    .   (shield currently unavailable)
rNeg     . . .     Faith    +   D - +0 plate armour (curse)
rPois    .         Spirit   +   F - +0 helmet {Int+3}
rElec    .         Reflect  .   G - +0 cloak
rCorr    .         Harm     .   (no gloves)
MR       .....                  I - +1 pair of boots {Stlth+}
Stlth    ..........             j - amulet of faith
Regen    0.3/turn               m - ring of protection from fire
MPRegen  0.1/turn               e - +6 ring of evasion

@: berserk cooldown, slowed, very slow
A: talons 2, cold resistance 1, wild magic 1, magic shield, sturdy frame 1
a: Berserk, Trog's Hand, Brothers in Arms, Burn Spellbooks, Renounce Religion


You were on level 10 of the Dungeon.
You worshipped Trog.
Trog was extremely pleased with you.
You were hungry.

You visited 1 branch of the dungeon, and saw 11 of its levels.
You also visited: Bailey.

You collected 1195 gold pieces.
You spent 366 gold pieces at shops.

Inventory:

Hand Weapons
 n - a +3 antimagic great mace (weapon)
 B - a +1 whip of freezing
 H - a +2 mace of draining
 W - a +1 dire flail of crushing
Missiles
 g - 21 tomahawks of returning (quivered)
 L - 4 javelins
Armour
 D - a cursed +0 plate armour (worn)
 F - a +0 helmet of intelligence (worn)
 G - a +0 cloak (worn)
 I - a +1 pair of boots of stealth (worn)
Jewellery
 b - an uncursed amulet of rage {unknown}
 e - a +6 ring of evasion (right hand)
 f - a +2 amulet of reflection {unknown}
 j - an amulet of faith (around neck)
 m - a ring of protection from fire (left hand)
 p - an uncursed ring of protection from fire
 Q - an uncursed ring of resist corrosion {unknown}
 R - the amulet of Fixation {Gourm Dex+4, unknown}
   (You found it on level 9 of the Dungeon)

   [amulet of the gourmand]

   It allows you to eat raw meat even when not hungry.
   It affects your dexterity (+4).
Wands
 h - a wand of flame (10/48)
 w - a wand of scattershot (8/9)
 E - a wand of confusion (19/48)
 N - a wand of polymorph (19/24)
 P - a wand of polymorph (13/24)
 S - a wand of disintegration (5/24)
 V - a wand of lightning (8/15)
Scrolls
 d - 6 scrolls of remove curse
 q - 2 scrolls of blinking
 y - 5 scrolls of teleportation
 J - 2 scrolls of identify
 M - a scroll of noise {unknown}
 O - a scroll of magic mapping
 T - a scroll of vulnerability {unknown}
 U - 2 scrolls of enchant weapon {unknown}
Potions
 a - a potion of flight
 i - 2 potions of heal wounds
 k - 12 potions of curing
 l - 5 potions of might
 r - 3 potions of brilliance
 s - a potion of resistance
 t - 3 potions of ambrosia
 v - 2 potions of lignification
 x - a potion of invisibility
 A - 3 potions of mutation
 C - a potion of haste
Comestibles
 c - 6 bread rations
 o - 2 royal jellies
 u - 8 fruits
 z - 2 meat rations
 K - 5 chunks of flesh


   Skills:
 + Level 9.7 Fighting
 * Level 12.3 Maces & Flails
 - Level 1.7 Armour
 - Level 1.7 Dodging


You had 9 spell levels left.
You didn't know any spells.

Dungeon Overview and Level Annotations

Branches:
Dungeon (11/15)            Temple (0/1) D:5
   Lair: D:8-11         Orc: D:9-12

Altars:
Makhleb
Ru
Trog
Uskayaw

Shops:
D:8 *


Innate Abilities, Weirdness & Mutations

You have razor-sharp toenails.
Your flesh is cold resistant. (rC+)
When hurt, damage is shared between your health and your magic reserves.
Your movements are slightly less encumbered by armour. (ER -2)
Your spells are a little harder to cast, but a little more powerful.


Message History

The two-headed ogre hits you with a giant club!!
The two-headed ogre misses you.
You feel a strong urge to attack something.
The scorpion stings you but does no damage.
The two-headed ogre hits you with a giant club!
* * * LOW HITPOINT WARNING * * *
The two-headed ogre misses you.
There is an open door, spattered with blood here.
You feel your anger subside.
You are no longer berserk.
You are exhausted.
You feel yourself slow down.
The two-headed ogre moves out of view.
You feel much better. The scorpion misses you.
The two-headed ogre hits you with a giant club!
The two-headed ogre hits you but does no damage.
You hit the two-headed ogre.
The two-headed ogre is severely wounded.
The two-headed ogre hits you with a giant club!!
* * * LOW HITPOINT WARNING * * *
The two-headed ogre hits you with a giant club!!
You die...

#######.##### #...#
#####'#######
#...........#
###...........#
########.'.^.........#
.....(.#.#...........#
.......#.#>..........#
......sO@#...........#
.......###........[..#
....... #...........#
....... #...........#
####+## ##########+##


You could see a two-headed ogre and a scorpion.

Vanquished Creatures
  A two-headed ogre (D:8)
  Erica (D:9)
  Pikel (D:5)
  Grinder (D:4)
  2 hippogriffs (D:9)
  A wyvern (D:8)
  The ghost of Berahthraban the Changer, an amateur DgTm (D:4)
  The ghost of Monsterracer the Insei, an amateur OpTm (D:3)
  A slave (D:6)
  5 orc warriors
  2 necrophages
  2 ice beasts
  A sky beast (D:6)
  2 ogres
  A centaur (D:7)
  3 black bears
  A crocodile (D:9)
  4 bullfrogs
  A big kobold (D:9)
  4 scorpions
  5 killer bees (D:8)
  A howler monkey (D:6)
  7 crimson imps
  A bullfrog zombie (D:9)
  A centaur zombie (D:9)
  A quasit (D:8)
  6 hounds
  2 jellies (D:9)
  An orc priest (D:9)
  Crazy Yiuf (D:7)
  6 orc wizards
  A centaur skeleton (D:8)
  A gnoll shaman (D:9)
  A bullfrog skeleton (D:6)
  3 iguanas
  5 worker ants
  A hound skeleton (D:8)
  A worker ant zombie (D:8)
  A gnoll (Bailey)
  14 adders
  2 shadow imps
  2 oozes
  An adder zombie (D:9)
  An adder skeleton (D:9)
  5 worms
  4 dart slugs
  4 leopard geckos (D:4)
  33 orcs
  3 ball pythons
  5 giant cockroaches
  13 goblins
  4 hobgoblins
  18 jackals
  19 kobolds
  9 quokkas
  A ball python skeleton (D:4)
  7 bats
  4 frilled lizards
  3 jackal skeletons
  A leopard gecko skeleton (D:5)
  2 quokka skeletons
  A quokka zombie (D:6)
  9 rats
247 creatures vanquished.

Notes
Turn   | Place    | Note
-------+----------+-------------------------------------------
     0 | D:1      | HammerPanzer the Demonspawn Berserker began the quest for the Orb.
     0 | D:1      | Reached XP level 1. HP: 18/18 MP: 1/1
    31 | D:1      | Reached skill level 3 in Maces & Flails
   194 | D:1      | Gained mutation: Your movements are slightly less encumbered by armour. (ER -2) [demonic ancestry]
   194 | D:1      | Reached XP level 2. HP: 23/24 MP: 2/2
  1146 | D:2      | Gained mutation: You have sharp toenails. [demonic ancestry]
  1146 | D:2      | Reached XP level 3. HP: 26/29 MP: 3/3
  1157 | D:2      | Reached ** piety under Trog
  1980 | D:2      | Gained mutation: When hurt, damage is shared between your health and your magic reserves. [demonic ancestry]
  1980 | D:2      | Reached XP level 4. HP: 33/37 MP: 4/4
  2219 | D:3      | Reached skill level 4 in Maces & Flails
  2379 | D:3      | Found a burning altar of Makhleb.
  2446 | D:3      | Noticed Monsterracer's ghost (amateur OpTm)
  2491 | D:3      | Killed Monsterracer's ghost
  2491 | D:3      | Reached XP level 5. HP: 42/42 MP: 5/5
  2641 | D:3      | Reached *** piety under Trog
  2647 | D:3      | Reached skill level 5 in Maces & Flails
  3097 | D:4      | Noticed Berahthraban's ghost (amateur DgTm)
  3372 | D:4      | Reached XP level 6. HP: 27/49 MP: 3/6
  3671 | D:4      | Killed Berahthraban's ghost
  3671 | D:4      | Reached skill level 5 in Fighting
  3693 | D:4      | Reached skill level 6 in Maces & Flails
  3961 | D:5      | Entered Level 5 of the Dungeon
  4242 | D:4      | Gained mutation: You have razor-sharp toenails. [demonic ancestry]
  4242 | D:4      | Reached XP level 7. HP: 56/56 MP: 7/7
  4342 | D:4      | Reached **** piety under Trog
  4680 | D:4      | Noticed Grinder
  4698 | D:4      | Killed Grinder
  4698 | D:4      | Reached skill level 7 in Maces & Flails
  5157 | D:5      | Noticed Pikel
  5163 | D:5      | Killed Pikel
  5163 | D:5      | Reached skill level 8 in Maces & Flails
  5163 | D:5      | Reached XP level 8. HP: 65/65 MP: 8/8
  5313 | D:5      | Found a staircase to the Ecumenical Temple.
  5622 | D:5      | Noticed a moth of wrath
  5625 | D:5      | Found a bloodstained altar of Trog.
  6083 | D:6      | Found a sacrificial altar of Ru.
  6264 | D:6      | Reached skill level 9 in Maces & Flails
  6285 | D:6      | Reached ***** piety under Trog
  6708 | D:6      | Gained mutation: Your flesh is cold resistant. (rC+) [demonic ancestry]
  6708 | D:6      | Reached XP level 9. HP: 72/72 MP: 6/9
  6738 | D:6      | Gained mutation: Your spells are a little harder to cast, but a little more powerful. [mutagenic meat]
  7487 | D:7      | Found a runed door.
  7553 | D:7      | Noticed Crazy Yiuf
  7559 | D:7      | Killed Crazy Yiuf
  7640 | D:8      | Reached skill level 10 in Maces & Flails
  7649 | D:8      | Found a hide-covered altar of Uskayaw.
  7742 | D:8      | Found a flagged portal.
  7742 | D:8      | Noticed a two-headed ogre
  7752 | D:8      | Killed a two-headed ogre
  7752 | D:8      | Reached skill level 11 in Maces & Flails
  7759 | D:8      | Found Bumoy's General Store.
  7910 | Bailey   | Entered a bailey
  8107 | Bailey   | Found an iron altar of Okawaru.
  8112 | Bailey   | Reached XP level 10. HP: 82/82 MP: 6/10
  8342 | D:8      | Received a gift from Trog
  8892 | D:8      | Bought 3 potions of curing for 108 gold pieces
  8892 | D:8      | Bought a +0 helmet of intelligence for 138 gold pieces
  8892 | D:8      | Bought a potion of mutation for 96 gold pieces
  8892 | D:8      | Bought a scroll of identify for 24 gold pieces
  9193 | D:9      | Got a sparkling copper amulet
  9497 | D:9      | Noticed Erica
  9519 | D:9      | Killed Erica
  9519 | D:9      | Reached skill level 12 in Maces & Flails
  9789 | D:9      | Received a gift from Trog
 10083 | D:10     | Entered Level 10 of the Dungeon
 10143 | D:10     | Noticed a two-headed ogre
 10159 | D:10     | Slain by a two-headed ogre

Skill      XL: |  1  2  3  4  5  6  7  8  9 10 |
---------------+-------------------------------+-----
Maces & Flails | 3 4 5 6 8 9 11 12 | 12.3
Fighting       | 4 5 6 7 8 9 |  9.7
Armour         | |  1.7
Dodging        | |  1.7

Action                   |  1- 3 |  4- 6 |  7- 9 | 10-12 || total
-------------------------+-------+-------+-------+-------++-------
Melee: Mace              |   128 |   205 |   179 |    31 ||   543
       Kick              |    12 |    38 |       |       ||    50
       Whip              |       |       |   274 |       ||   274
       Great mace        |       |       |       |   200 ||   200
Throw: Tomahawk          |     4 |       |    21 |       ||    25
Invok: Berserk           |       |     4 |    11 |     6 ||    21
  Use: Scroll            |       |       |    19 |       ||    19
       Potion            |       |       |       |     2 ||     2
 Stab: Sleeping          |     1 |       |       |       ||     1
  Eat: Chunk             |     3 |    10 |    18 |     9 ||    40
       Meat ration       |       |       |     1 |     1 ||     2
Armor: Animal skin       |    10 |       |       |       ||    10
       Ring mail         |    40 |    63 |       |       ||   103
       Scale mail        |       |    19 |   107 |       ||   126
       Plate armour      |       |       |     1 |   100 ||   101
Dodge: Dodged            |    88 |   124 |   252 |   186 ||   650
